 Dungeon Crawl Stone Soup version 0.29-a0-303-ge4682ce883 (webtiles) character file.

Game seed: 10902331993749017430

5719 Bnni the Dealer of Despair (level 10, -2/80 HPs)
             Began as a Demonspawn Fighter on Mar 25, 2022.
             Was an Elder of Kikubaaqudgha.
             Slain by a wyvern (6 damage)
             ... on level 8 of the Dungeon.
             The game lasted 00:30:15 (10609 turns).

Bnni the Dealer of Despair (Demonspawn Fighter)    Turns: 10609, Time: 00:30:16

Health: -2/80      AC:  7    Str: 20    XL:     10   Next: 48%
Magic:  6/19       EV:  9    Int: 22    God:    Kikubaaqudgha [****..]
Gold:   385        SH:  0    Dex:  8    Spells: 1/21 levels left

rFire   . . .      SeeInvis +   l - staff of death
rCold   . . .      Faith    .   j - +3 warlock's mirror {reflect}
rNeg    + . .      Spirit   .   k - +0 scale mail of Lies {Str+4 Int+8 Dex-5}
rPois   .          Reflect  +   (helmet restricted)
rElec   .          Harm     .   (cloak unavailable)
rCorr   .          Rampage  .   b - +0 pair of gloves
Will    .....                   (no boots)
Stlth   ..........              (no amulet)
HPRegen 0.23/turn               G - +4 ring of slaying
MPRegen 0.16/turn               A - ring of see invisible

@: confused, ambrosia-drunk, very slightly contaminated
A: antennae 1, foul stench 2, weakness stinger 3, demonic touch 1, sturdy frame
1
a: Renounce Religion, Receive Corpses


You were on level 8 of the Dungeon.
You worshipped Kikubaaqudgha.
Kikubaaqudgha was greatly pleased with you.
You visited 1 branch of the dungeon, and saw 8 of its levels.

You collected 467 gold pieces.
You spent 82 gold pieces at shops.

Inventory:

Hand Weapons
 f - a +1 dagger of venom
 E - a +6 long sword of freezing
Missiles
 m - a throwing net (quivered)
Armour
 b - a +0 pair of gloves (worn)
 c - a +2 robe of cold resistance
 j - the +3 warlock's mirror (worn) {reflect}
   (You acquired it on level 5 of the Dungeon)

   It can block and reflect piercing ranged attacks and magical attacks against
   the wielder's willpower.
 k - the +0 scale mail of Lies (worn) {Str+4 Int+8 Dex-5}
   (You found it on level 4 of the Dungeon)

   Str:       It affects your strength (+4).
   Int:       It affects your intelligence (+8).
   Dex:       It affects your dexterity (-5).
 x - a +1 leather armour of cold resistance
Magical Staves
 l - a staff of death (weapon)
 t - a staff of earth
Jewellery
 g - a ring of fire
 v - a +6 ring of dexterity
 A - a ring of see invisible (right hand)
 G - a +4 ring of slaying (left hand)
Wands
 a - a wand of polymorph (4)
 s - a wand of paralysis (16)
 F - a wand of flame (8)
 I - a wand of iceblast (11)
Scrolls
 e - 2 scrolls of enchant armour
 p - a scroll of fear {unknown}
 q - 3 scrolls of identify
 u - 4 scrolls of teleportation
 y - a scroll of blinking {unknown}
 z - a scroll of silence {unknown}
 C - a scroll of immolation {unknown}
 D - a scroll of fog
Potions
 d - a potion of might
 h - 3 potions of mutation
 i - a potion of brilliance
 n - a potion of magic
 o - a potion of lignification
 r - a potion of ambrosia
 w - a potion of curing
 B - a potion of attraction
 H - a potion of flight {unknown}


   Skills:
 + Level 7.9 Fighting
 - Level 2.7 Long Blades
 - Level 2.6 Armour
 - Level 2.6 Shields
 + Level 6.4 Spellcasting
 * Level 11.1 Necromancy
 * Level 1.6 Translocations
 - Level 5.0 Earth Magic


You had one spell level left.
You knew the following spells:

 Your Spells              Type           Power      Damage    Failure   Level
a - Animate Skeleton      Necr           100%       N/A       1%          1
b - Blink                 Tloc           28%        N/A       17%         2
c - Vampiric Draining     Necr           71%        2d11      1%          3
d - Pain                  Necr           100%       1d9       1%          1
e - Borgnjor's Vile Clut  Necr/Erth      29%        N/A       24%         5
f - Dispel Undead         Necr           71%        3d24      2%          4
g - Animate Dead          Necr           35%        N/A       2%          4

Your spell library contained the following spells:

 Spells                   Type           Power      Damage    Failure   Level
 Magic Dart               Conj           28%        1d4       22%         1
 Corpse Rot               Necr/Air       94%        N/A       3%          2
 Excruciating Wounds      Necr           35%        N/A       7%          5
 Call Imp                 Summ           7%         N/A       34%         2
 Lesser Beckoning         Tloc           14%        N/A       34%         3
 Mephitic Cloud           Conj/Pois/Air  7%         N/A       56%         3
 Manifold Assault         Tloc           14%        N/A       97%         5
 Simulacrum               Ice/Necr       23%        N/A       98%         6


Dungeon Overview and Level Annotations

Branches:
Dungeon (8/15)             Temple (0/1) D:4
   Lair: D:8-11

Altars:
Cheibriados
Elyvilon
Kikubaaqudgha
Okawaru
Qazlal
Sif Muna
The Shining One

Shops:
D:2 (   D:6 *


Innate Abilities, Weirdness & Mutations

You have a pair of small antennae on your head.
You sometimes emit foul miasma when damaged in melee.
You have a sharp stinger which inflicts weakening toxins.
Your touch may inflict minor irresistible damage on your foes.
Your movements are slightly less encumbered by armour. (ER -2)


Message History

The wyvern bites you!
You hit the wyvern.
The wyvern is moderately wounded.
The wyvern bites you. x2
Kikubaaqudgha delivers you corpses! The wyvern closely misses you.
The orc warrior hits you with a +0 dire flail.
Casting: Borgnjor's Vile Clutch (dangerous; 24% risk of failure)
Confirm with . or Enter, or press ? or * to list all spells.
You feel a surge of power!
You attempt to give life to the dead...
Before your eyes, flesh is ripped from the corpse!
The dead are walking!
The wyvern bites you. The wyvern closely misses you.
The orc warrior closely misses you.
The orc priest looks satisfied for a moment.
Casting: Animate Skeleton (safe; 1% risk of failure)
Confirm with . or Enter, or press ? or * to list all spells.
You feel a surge of power!
You attempt to give life to the dead...
Before your eyes, flesh is ripped from the corpse!
The dead are walking!
The wyvern bites you!
You emit a cloud of foul miasma!
The orc warrior barely misses you.
The orc priest calls down the wrath of Beogh upon you.
Beogh smites you!
* * * LOW HITPOINT WARNING * * *
The orc warrior attacks as you move away!
You block the orc warrior's attack. The wyvern attacks as you move away!
You block the wyvern's attack.
The wyvern is engulfed in dark miasma.
The wyvern is poisoned.
The wyvern seems to slow down.
Your orc wizard skeleton hits the wyvern.
The wyvern bites you.
* * * LOW HITPOINT WARNING * * *
You see here a boulder beetle corpse.
You are confused.
You feel invigorated.
Your ogre mage skeleton barely misses the orc warrior.
Your orc wizard skeleton barely misses the wyvern.
The orc warrior hits you with a +0 dire flail!
* * * LOW HITPOINT WARNING * * *
The wyvern bites you.
You die...
Kikubaaqudgha rasps: "You have failed me!
Welcome... death!"

. .. #### .. ##..##
..
#####....##..##..
###..##....Z#oo....
#.........@l☼o.....
###........o.###...
#....#...Z...(..
#....#...........
#.................
#.##..............
#..........##.####
#..........# ....#
........##..####.##


You could see an orc warrior, a wyvern (poisoned, slow, weak, ally target), 2
orc priests, an orc, a friendly orc wizard skeleton and a friendly ogre mage
skeleton.

Vanquished Creatures
  A two-headed ogre (D:8)
  Pikel (D:6)
  A cyclops (D:6)
  A troll (D:7)
  Prince Ribbit (D:8)
  A wraith (D:6)
  A wyvern (D:7)
  A steam dragon (D:7)
  An acid dragon (D:7)
  2 water moccasins
  An orc warrior (D:6)
  2 sky beasts
  4 ice beasts
  A black bear (D:5)
  3 ogres
  4 centaurs
  A phantom (D:4)
  2 lemures (D:5)
  2 bullfrogs
  3 necrophages
  3 scorpions
  5 wights
  2 howler monkeys
  5 hounds
  3 orc priests
  A gnoll shaman (D:6)
  2 jellies
  3 iguanas (D:5)
  4 orc wizards
  A mummy (D:4)
  5 adders
  4 gnolls (D:6)
  A shadow imp (D:5)
  3 white imps
  2 ufetubi
  2 worms
  A dart slug (D:1)
  24 orcs
  5 ball pythons
  10 endoplasms
  3 giant cockroaches
  7 goblins
  7 hobgoblins
  5 jackals
  6 quokkas (D:1)
  7 bats
  4 kobolds
  6 rats
165 creatures vanquished.

Vanquished Creatures (collateral kills)
  An orc warrior (D:7)
  An orc priest (D:7)
  An iguana (D:7)
  2 orcs (D:7)
5 creatures vanquished.

Vanquished Creatures (others)
  An orc priest (D:8)
1 creature vanquished.

Grand Total: 171 creatures vanquished

Notes
Turn   | Place    | Note
-------+----------+-------------------------------------------
     0 | D:1      | Bnni the Demonspawn Fighter began the quest for the Orb.
     0 | D:1      | Reached XP level 1. HP: 18/18 MP: 1/1
    38 | D:1      | Found a faded altar of an unknown god.
    93 | D:1      | Prayed at the altar of an unknown god.
    93 | D:1      | Became a worshipper of Kikubaaqudgha
    93 | D:1      | Reached * piety under Kikubaaqudgha
    93 | D:1      | Received a gift from Kikubaaqudgha
   139 | D:1      | Gained mutation: You may rarely emit foul miasma when
                  | damaged in melee. [demonic ancestry]
   139 | D:1      | Reached XP level 2. HP: 24/24 MP: 2/2
   714 | D:1      | Discovered your monstrous ancestry.
   714 | D:1      | Gained mutation: You have a pair of small antennae on your
                  | head. [demonic ancestry]
   714 | D:1      | Reached XP level 3. HP: 28/29 MP: 3/3
   948 | D:2      | Found Boabb's Antique Weapon Shop.
   965 | D:2      | Reached skill level 1 in Necromancy
  1443 | D:2      | Gained mutation: Your touch may inflict minor irresistible
                  | damage on your foes. [demonic ancestry]
  1443 | D:2      | Reached XP level 4. HP: 36/36 MP: 5/5
  1533 | D:2      | Reached ** piety under Kikubaaqudgha
  1544 | D:2      | Reached skill level 2 in Necromancy
  1584 | D:2      | Reached skill level 1 in Spellcasting
  1586 | D:2      | Learned a level 1 spell: Animate Skeleton
  1648 | D:2      | Noticed a scorpion
  1653 | D:2      | Killed a scorpion
  1654 | D:2      | Gained mutation: You have a small tail. [demonic ancestry]
  1654 | D:2      | Reached XP level 5. HP: 42/42 MP: 5/7
  1822 | D:3      | Learned a level 2 spell: Blink
  2185 | D:3      | Found an iron altar of Okawaru.
  2205 | D:3      | Reached skill level 3 in Necromancy
  2932 | D:4      | Reached skill level 4 in Necromancy
  2932 | D:4      | Gained mutation: You have a tail ending in a sharp stinger.
                  | [demonic ancestry]
  2932 | D:4      | Reached XP level 6. HP: 33/48 MP: 7/9
  3005 | D:4      | Found a stormy altar of Qazlal.
  3219 | D:4      | Found an ancient bone altar of Kikubaaqudgha.
  3258 | D:4      | Learned a level 3 spell: Vampiric Draining
  3260 | D:4      | Learned a level 1 spell: Pain
  3681 | D:4      | Found a shimmering blue altar of Sif Muna.
  3701 | D:4      | Found a staircase to the Ecumenical Temple.
  3761 | D:4      | Identified the +0 scale mail of Lies {Str+4 Int+8 Dex-5}
  3892 | D:5      | Entered Level 5 of the Dungeon
  4032 | D:5      | Noticed an ice beast
  4044 | D:5      | Killed an ice beast
  4044 | D:5      | Reached *** piety under Kikubaaqudgha
  4044 | D:5      | Received a gift from Kikubaaqudgha
  4045 | D:5      | Reached skill level 5 in Necromancy
  4045 | D:5      | Gained mutation: You sometimes emit foul miasma when
                  | damaged in melee. [demonic ancestry]
  4045 | D:5      | Reached XP level 7. HP: 45/55 MP: 9/11
  4181 | D:5      | Reached skill level 5 in Fighting
  4375 | D:5      | Reached skill level 6 in Necromancy
  4446 | D:5      | Learned a level 5 spell: Borgnjor's Vile Clutch
  4839 | D:5      | Reached XP level 8. HP: 32/63 MP: 13/13
  5053 | D:5      | Found a faded altar of an unknown god.
  5188 | D:6      | Reached skill level 7 in Necromancy
  5527 | D:6      | Reached skill level 1 in Earth Magic
  5571 | D:6      | HP: 3/64 [centaur/arrow (5)]
  5784 | D:5      | Gained mutation: Your movements are slightly less
                  | encumbered by armour. (ER -2) [potion of mutation]
  6201 | D:6      | Noticed Pikel
  6201 | D:6      | Noticed a cyclops
  6271 | D:6      | HP: 3/64 [wraith (9)]
  6278 | D:6      | Reached skill level 8 in Necromancy
  6518 | D:6      | Learned a level 4 spell: Dispel Undead
  6555 | D:6      | Gained mutation: You have a sharp stinger which inflicts
                  | weakening toxins. [demonic ancestry]
  6555 | D:6      | Reached XP level 9. HP: 51/69 MP: 14/16
  7015 | D:6      | Reached skill level 5 in Spellcasting
  7262 | D:5      | Identified 2 scrolls of acquirement
  7262 | D:5      | Acquired the +3 warlock's mirror {reflect}
  7262 | D:5      | Found the +3 warlock's mirror {reflect}
  7264 | D:5      | Acquired a staff of death
  7310 | D:6      | Killed a cyclops
  7311 | D:6      | Reached skill level 9 in Necromancy
  7498 | D:6      | Killed Pikel
  7769 | D:6      | Found Fauplu's General Store.
  7781 | D:6      | Reached skill level 10 in Necromancy
  7966 | D:6      | Bought a scroll of enchant armour for 82 gold pieces
  8153 | D:7      | Noticed a troll
  8174 | D:7      | Killed a troll
  8474 | D:7      | Found a snail-covered altar of Cheibriados.
  8480 | D:7      | Reached XP level 10. HP: 43/79 MP: 15/19
  8978 | D:7      | Reached **** piety under Kikubaaqudgha
  9984 | D:7      | Learned a level 4 spell: Animate Dead
 10406 | D:8      | Noticed Prince Ribbit
 10424 | D:8      | Killed Prince Ribbit
 10595 | D:8      | Noticed a two-headed ogre
 10602 | D:8      | Killed a two-headed ogre
 10603 | D:8      | Reached skill level 11 in Necromancy
 10603 | D:8      | Reached skill level 1 in Translocations
 10603 | D:8      | Reached skill level 5 in Earth Magic
 10609 | D:8      | HP: 4/80 [orc warrior/+0 dire flail (14)]
 10609 | D:8      | Slain by a wyvern

Illustrated notes

Levels and vault maps discovered:
D:1:      minmay_arrival_four_loops, layout_loops_ring,
          shapermc_ecumenical_altar_starsandcircs, minmay_indecisive_spiral
D:2:      layout_loops_cross, serial_shops, shop_statue, guppyfry_early_orc_mine
D:3:      layout_basic, lemuel_crystal_altar, serial_aquarium,
          aquarium_bridge_long_separate [aquarium_subvault_bridge,
          aquarium_subvault_bridge, aquarium_subvault_balcony,
          aquarium_subvault_bridge, aquarium_subvault_bridge,
          aquarium_subvault_window], aquarium_bridge_straight
          [aquarium_subvault_bridge, aquarium_subvault_wall,
          aquarium_subvault_bridge, aquarium_subvault_wall],
          aquarium_window_double, aquarium_window_corner, aquarium_window_1,
          aquarium_window_2, aquarium_view_2b, aquarium_pool_split
D:4:      layout_basic, lemuel_blue_sif_altar, mainiacjoe_overflow_two_lobes,
          minmay_temple_entry_enclosed_plants, gup_ossuary_entry_pyramid,
          chequers_mini_garden, grunt_ministairs_3
D:5:      layout_cave_pools, serial_column_ruins, column_ruins_temple_hut,
          column_ruins_columns_straight, column_ruins_grid_1,
          column_ruins_corridor_straight, column_ruins_open_small,
          column_ruins_columns_corner
D:6:      hangedman_cross_stitches, layout_basic, serial_shops,
          nicolae_shop_stone, uniq_pikel
D:7:      layout_basic, mainiacjoe_overflow_tiny_flanked,
          grunt_temple_overflow_open
D:8:      layout_cave_pools, uniq_prince_ribbit1

Skill      XL: |  1  2  3  4  5  6  7  8  9 10 |
---------------+-------------------------------+-----
Long Blades    | 2 |  2.7
Necromancy     | 1 2 4 5 6 8 10 11 | 11.1
Spellcasting   | 1 2 3 4 6 |  6.4
Fighting       | 4 5 6 7 |  7.9
Earth Magic    | 3 5 |  5.0
Translocations | 1 |  1.6
Armour         | |  2.6
Shields        | |  2.6

Action                   |  1- 3 |  4- 6 |  7- 9 | 10-12 || total
-------------------------+-------+-------+-------+-------++-------
Melee: Dagger            |   116 |   132 |   183 |       ||   431
       Long sword        |    11 |    14 |    17 |       ||    42
       Touch             |       |    30 |    27 |       ||    57
       Punch             |       |     3 |     1 |       ||     4
       Tailslap          |       |    16 |    42 |    10 ||    68
       Staff             |       |       |    63 |    80 ||   143
 Cast: Animate Skeleton  |       |     2 |     4 |     7 ||    13
       Vampiric Draining |       |       |    33 |     5 ||    38
       Blink             |       |       |     3 |       ||     3
       Pain              |       |       |     3 |     1 ||     4
       Dispel Undead     |       |       |       |     5 ||     5
       Animate Dead      |       |       |       |     2 ||     2
       Borgnjor's Vile C |       |       |       |     2 ||     2
Invok: Receive Corpses   |       |       |       |     2 ||     2
Evoke: Wand              |       |     1 |     1 |       ||     2
  Use: Potion            |       |       |     8 |     1 ||     9
       Scroll            |       |       |    11 |       ||    11
 Stab: Paralysed         |       |     6 |       |       ||     6
Armor: Scale mail        |    70 |    70 |   147 |    47 ||   334
       Leather armour    |       |    23 |       |       ||    23
Dodge: Dodged            |    49 |    58 |   154 |    46 ||   307
Block: Buckler           |    20 |       |    20 |    42 ||    82
       Reflection        |       |       |     1 |     8 ||     9

Table legend: (Time is in decaauts)
 A = Elapsed time spent in this place.
 B = Non-inter-level travel time spent in this place.
 C = Inter-level travel time spent in this place.
 D = Time resting spent in this place.
 E = Time spent auto-exploring this place.
 F = Levels seen in this place.
 G = Mean time per level.
                   A        B        C        D        E       F      G
               +--------+--------+--------+--------+--------+-----+--------+
         Total |  10641 |  10305 |    336 |   2460 |   6258 |   8 | 1330.1 |
       Dungeon |  10641 |  10305 |    336 |   2460 |   6258 |   8 | 1330.1 |
               +--------+--------+--------+--------+--------+-----+--------+

Top non-repeatable levels by time:
     D:5: 2180 daAuts
     D:7: 2110 daAuts
     D:6: 1954 daAuts
     D:4: 1153 daAuts
     D:3: 1039 daAuts
     D:1: 944 daAuts
     D:2: 857 daAuts
     D:8: 400 daAuts
